 Dungeon Crawl Stone Soup version 0.28.0-53-g5a82cb258f (webtiles) character file.

Game seed: 16868340371370678541

755 SuperDerp the Ruffian (level 7, -3/59 HPs)
             Began as a Troll Earth Elementalist on May 25, 2022.
             Was a Priest of Qazlal.
             Killed from afar by Maggie (26 damage)
             ... with a bolt of fire
             ... on level 6 of the Dungeon.
             The game lasted 00:30:51 (4186 turns).

SuperDerp the Ruffian (Troll Earth Elementalist)    Turns: 4186, Time: 00:30:52

Health: -3/59      AC:  5    Str: 19    XL:     7   Next: 49%
Magic:  9/9        EV: 10    Int: 11    God:    Qazlal [***...]
Gold:   202        SH:  9    Dex: 10    Spells: 4/10 levels left

rFire   . . .      SeeInvis .     - Unarmed
rCold   . . .      Faith    .   (no shield)
rNeg    . . .      Spirit   .   b - +1 robe
rPois   .          Reflect  +   (helmet restricted)
rElec   .          Harm     .   (no cloak)
rCorr   .          Rampage  .   (gloves unavailable)
Will    .....                   (boots unavailable)
Stlth   +.........              d - amulet of reflection
HPRegen 0.99/turn               (no ring)
MPRegen 0.11/turn               (no ring)

@: mesmerised
A: large, unfitting armour, claws 3, regeneration 1, shaggy fur 1, tough skin 1
a: Renounce Religion, Upheaval, Elemental Force


You were on level 6 of the Dungeon.
You worshipped Qazlal.
Qazlal was most pleased with you.
You visited 1 branch of the dungeon, and saw 6 of its levels.

You collected 202 gold pieces.

Inventory:

Missiles
 c - 190 stones
 f - 5 poisoned darts
 u - 5 boomerangs
Armour
 b - a +1 robe (worn)
Jewellery
 a - an amulet of the acrobat
 d - an amulet of reflection (around neck)
 m - an amulet of regeneration
Wands
 t - a wand of iceblast (7)
 v - a wand of paralysis (14)
Scrolls
 e - 3 scrolls of noise
 g - a scroll of identify
 h - a scroll of brand weapon {unknown}
 j - 3 scrolls of enchant armour
 l - 3 scrolls of fog
 n - a scroll of enchant weapon {unknown}
 q - a scroll of summoning {unknown}
 r - a scroll of teleportation {unknown}
Potions
 i - a potion of heal wounds {unknown}
 k - 2 potions of flight {unknown}
 o - a potion of degeneration {unknown}
 p - a potion of curing {unknown}
 s - 2 potions of magic {unknown}


   Skills:
 + Level 2.1 Dodging
 - Level 1.2 Stealth
 * Level 4.8 Unarmed Combat
 - Level 2.0 Spellcasting
 - Level 0.6 Transmutations
 - Level 4.0 Earth Magic
 + Level 3.3 Evocations


You had 4 spell levels left.
You knew the following spells:

 Your Spells              Type           Power      Damage    Failure   Level
a - Sandblast             Erth           18%        2d7       5%          1
b - Passwall              Tmut/Erth      5%         N/A       17%         2
c - Stone Arrow           Conj/Erth      10%        3d7       36%         3

Your spell library contained the following spells:

 Spells                   Type           Power      Damage    Failure   Level
 Sting                    Tmut/Pois      4%         1d3       26%         1
 Wereblood                Tmut           2%         N/A       34%         2
 Sublimation of Blood     Necr           1%         N/A       41%         2
 Petrify                  Tmut/Erth      6%         N/A       75%         4
 Summon Hydra             Summ           0%         N/A       100%        7


Dungeon Overview and Level Annotations

Branches:
Dungeon (6/15)             Temple (0/1) D:4

Altars:
Cheibriados
Qazlal

Annotations:
D:2 3 exclusions, Jessica
D:3 Edmund
D:4 exclusion: centaur
D:5 1 runed translucent door, Crazy Yiuf
D:6 Maggie


Innate Abilities, Weirdness & Mutations

You are too large for most types of armour.
You have claws for hands.
Your natural rate of healing is unusually fast.
You are covered in fur. (AC +1)
You have tough skin. (AC +1)


Message History

Press: ? - help, v - describe, . - travel
Here: Maggie, wielding a +0 halberd of distortion and wearing +0 acid dragon scales The floor.
There are monsters nearby!
Press: ? - help, v - describe, . - travel The floor.
Maggie mumbles some strange words.
Maggie attempts to bespell you!
You are mesmerised by Maggie!
You cannot move away from Maggie!
You cannot move away from Maggie!
You cannot move away from Maggie!
You cannot move away from Maggie!
You cannot move away from Maggie!
You barely miss the adder. The adder bites you.
You claw the adder!
You kill the adder!
Qazlal accepts your kill. Maggie casts a spell at you.
The bolt of fire hits you!!
Ouch! That really hurt!
You block Maggie's attack.
You closely miss Maggie. You block Maggie's attack.
You scratch Maggie. You claw Maggie!
Maggie is moderately wounded.
Maggie is engulfed in freezing vapours.
You block Maggie's attack.
You closely miss Maggie.
Maggie is heavily wounded.
Maggie is engulfed in freezing vapours.
Maggie barely misses you.
You barely miss Maggie.
Maggie is severely wounded.
Maggie is engulfed in freezing vapours.
Maggie hits you with a +0 halberd of distortion.
Space warps around you.
You closely miss Maggie.
Maggie is severely wounded.
Maggie is engulfed in freezing vapours.
Maggie casts a spell at you. The bolt of fire hits you!!
You die...

...........
#.........
........
......
#....#
#....# #
#..@.#
#.#..@.#
.###.#..°.#
........#.#
.#####..#.#
........#.#
.######.#.#
..........#
.######.#.#
#.#<#


You could see Maggie (mesmerising).

Vanquished Creatures
  4 ogres
  A centaur (D:4)
  A wight (D:4)
  2 hounds
  An iguana (D:5)
  2 orc wizards (D:4)
  7 adders
  An ufetubus (D:5)
  An adder skeleton (D:4)
  A worm (D:4)
  2 dart slugs (D:3)
  5 orcs
  15 ball pythons
  An endoplasm (D:4)
  3 giant cockroaches
  7 goblins
  5 hobgoblins
  5 quokkas
  5 bats
  5 frilled lizards
  2 kobolds
  23 rats
99 creatures vanquished.

Vanquished Creatures (others)
  A plant (D:1)
1 creature vanquished.

Grand Total: 100 creatures vanquished

Notes
Turn   | Place    | Note
-------+----------+-------------------------------------------
     0 | D:1      | SuperDerp the Troll Earth Elementalist began the quest for
                  | the Orb.
     0 | D:1      | Reached XP level 1. HP: 16/16 MP: 1/1
   260 | D:1      | Found a faded altar of an unknown god.
   266 | D:1      | Reached XP level 2. HP: 24/24 MP: 2/2
   270 | D:1      | Got Plato's Almanac of Toxins
   273 | D:1      | Prayed at the altar of an unknown god.
   273 | D:1      | Became a worshipper of Qazlal Stormbringer
   273 | D:1      | Reached * piety under Qazlal
  1021 | D:2      | Noticed Jessica
  1154 | D:2      | Reached XP level 3. HP: 31/31 MP: 2/4
  1205 | D:2      | Learned a level 2 spell: Passwall
  1270 | D:2      | Reached skill level 1 in Unarmed Combat
  1308 | D:2      | Found a snail-covered altar of Cheibriados.
  1660 | D:3      | Reached ** piety under Qazlal
  1830 | D:3      | Reached XP level 4. HP: 39/39 MP: 5/5
  2536 | D:4      | Noticed a centaur
  2575 | D:4      | Reached XP level 5. HP: 42/45 MP: 6/6
  2599 | D:4      | Found a sand-covered staircase.
  3001 | D:4      | Noticed Edmund
  3282 | D:4      | Found a staircase to the Ecumenical Temple.
  3289 | D:4      | Killed a centaur
  3290 | D:4      | Reached skill level 1 in Evocations
  3290 | D:4      | Reached XP level 6. HP: 36/53 MP: 8/8
  3349 | D:5      | Entered Level 5 of the Dungeon
  3431 | D:5      | Reached *** piety under Qazlal
  3536 | D:5      | Found a runed translucent door.
  3537 | D:5      | Noticed Crazy Yiuf
  3758 | D:4      | Reached XP level 7. HP: 38/59 MP: 9/9
  3874 | D:5      | Learned a level 3 spell: Stone Arrow
  3949 | D:5      | Found a snail-covered altar of Cheibriados.
  4173 | D:6      | Noticed Maggie
  4186 | D:6      | Killed from afar by Maggie

Illustrated notes

Levels and vault maps discovered:
D:1:      elethiomel_arrival_infinity_welcomes_careful_drivers,
          layout_loops_cross, shapermc_ecumenical_altar_rom_forum,
          chequers_serial_rivers_small_a
D:2:      layout_basic, basic_altar, kennysheep_jessica_study
D:3:      layout_basic, minmay_rat_hole
D:4:      layout_rooms, temple_statues, lightli_ossuary_entry_decrepit_ruins,
          minmay_small_thing, uniq_edmund
D:5:      layout_cave_pools, general_overflow_altar, uniq_crazy_yiuf_cottage
D:6:      nicolae_whirlpool, layout_basic, uniq_maggie

Skill      XL: |  1  2  3  4  5  6  7 |
---------------+----------------------+-----
Earth Magic    | 3 4 |  4.0
Unarmed Combat | 1 2 3 4 |  4.8
Spellcasting   | 2 |  2.0
Evocations     | 1 3 |  3.3
Dodging        | 2 |  2.1
Stealth        | |  1.2
Transmutations | |  0.6

Action                   |  1- 3 |  4- 6 |  7- 9 || total
-------------------------+-------+-------+-------++-------
Melee: Unarmed           |   134 |   137 |    25 ||   296
       Punch             |     1 |     2 |     2 ||     5
 Cast: Sandblast         |     2 |     1 |       ||     3
  Use: Scroll            |       |     4 |       ||     4
Armor: Robe              |    39 |    24 |     4 ||    67
Dodge: Dodged            |    53 |    53 |     4 ||   110
Block: Other             |    26 |    58 |    10 ||    94
       Reflection        |     2 |     2 |       ||     4
